 Dungeon Crawl Stone Soup version 0.17-a0-1504-gb7d9117 (webtiles) character file.

490 Fizybubbleh the Covert (level 7, 0/46 HPs)
             Began as a Human Enchanter on July 8, 2015.
             Was a Follower of Dithmenos.
             Slain by a gnoll shaman
             ... wielding a +0 whip
              (4 damage)
             ... on level 4 of the Dungeon.
             The game lasted 00:18:34 (4122 turns).

Fizybubbleh the Covert (Human Enchanter)            Turns: 4122, Time: 00:18:35

Health: 0/46       AC:  4    Str:  9    XL:     7   Next: 37%
Magic:  6/10       EV:  6    Int: 15    God:    Dithmenos [*.....]
Gold:   184        SH:  0    Dex: 15    Spells: 4 memorised, 1 level left

rFire  . . .     SeeInvis .     j - +1 dagger (venom)
rCold  . . .     Clarity  .     b - +1 robe
rNeg   . . .     SustAt   .     (no shield)
rPois  .         Gourm    .     o - +0 helmet
rElec  .         Spirit   .     (no cloak)
rCorr  .         Warding  .     (no gloves)
rMut   .         Stasis   .     (no boots)
MR     .....                    (no amulet)
Stlth  ++++......               (no ring)
                                (no ring)

@: held, wreathed by umbra, not resistant to hostile enchantments, stealthy
A: wild magic 1
a: Renounce Religion


You were on level 4 of the Dungeon.
You worshipped Dithmenos.
Dithmenos was aware of your devotion.
You were near starving.

You visited 1 branch of the dungeon, and saw 4 of its levels.

You collected 184 gold pieces.

Inventory:

Hand weapons
 a - a +1 dagger
 j - a +1 dagger of venom (weapon)
Armour
 b - a +1 robe (worn)
 o - a +0 helmet (worn)
Scrolls
 e - a scroll of teleportation {unknown}
 h - a scroll of random uselessness {unknown}
 l - 2 scrolls of remove curse
 q - a scroll of fear {unknown}
 t - a scroll of immolation {unknown}
Potions
 f - a potion of cancellation
 g - a potion of degeneration
 m - a potion of might {unknown}
 p - a potion of cure mutation {unknown}
 r - a potion of agility {unknown}
 s - 3 potions of curing
Books
 c - a book of Maledictions

   Spells                             Type                      Level
   a - Corona                         Hexes                        1
   b - Ensorcelled Hibernation        Hexes/Ice                    2
   c - Confuse                        Hexes                        3
   d - Tukima's Dance                 Hexes                        3
   e - Dazzling Spray                 Conjuration/Hexes            3
Comestibles
 d - 3 bread rations
 i - 4 fruits
 k - 3 meat rations


   Skills:
 + Level 2.6 Short Blades
 - Level 2.0 Dodging
 - Level 8.0 Stealth
 - Level 2.0 Spellcasting
 - Level 3.0 Hexes


You had one spell level left.
You knew the following spells:

 Your Spells              Type           Power        Failure   Level  Hunger
a - Ensorcelled Hibernat  Hex/Ice        #.....       30%         2    ###....
b - Confuse               Hex            ###.....     34%         3    ###....
c - Tukima's Dance        Hex            ###.....     34%         3    ###....
v - Corona                Hex            ###....      16%         1    #......


Dungeon Overview and Level Annotations

Branches:
Dungeon (4/15)
 Temple: D:4-7

Altars:
Dithmenos
Nemelex Xobeh

Annotations:
D:2 exclusion: downstairs


Innate Abilities, Weirdness & Mutations

Your spells are a little harder to cast, but a little more powerful.


Message History

The gnoll hits you with a flail.
You see here a throwing net.
You take 1 damage, and have 26/46 hp.
Read which item? (? for menu, Esc to quit)
Okay, then.
You try to slip out of the net.
The gnoll looks more healthy.
The gnoll shaman hits you with a whip. The gnoll hits you with a flail.
You take 7 damage, and have 19/46 hp.
You try to slip out of the net.
The gnoll shouts!
The gnoll shaman hits you with a whip.
* * * LOW HITPOINT WARNING * * *
You take 6 damage, and have 13/46 hp.
You struggle against the net.
The gnoll barely misses you.
The gnoll hits you from afar with a spear.
* * * LOW HITPOINT WARNING * * *
The gnoll hits you with a whip.
* * * LOW HITPOINT WARNING * * *
The gnoll shaman hits you with a whip.
You die...

.g.............
.............
#...........
#.........#
#.........#
#g........#
#.........#
#..g........
#g#####.@.......##
#...<...gg..#####
##..###
#######g.####
.....# #######.g#
#..#.# #........#
#..#.# #.######.#
#..#.###.# #.#
#.....##.######.#
#.............gg#


You could see a gnoll shaman and 5 gnolls.

Vanquished Creatures
  Sigmund (D:2)
  The ghost of Fizybubbleh the Sneak, an average HuEn of Dithmenos (D:3)
  A hound (D:4)
  Ijyb (D:2)
  A worker ant zombie (D:3)
  Robin (D:2)
  8 adders
  An ooze (D:1)
  6 worms
  3 giant geckos
  An orc (D:3)
  A ball python (D:2)
  2 bat skeletons (D:3)
  11 hobgoblins
  3 jackals (D:2)
  6 kobolds
  5 bats
  4 giant cockroaches
  3 giant newts
  20 goblins
  A jackal zombie (D:3)
  2 quokkas
  4 rats
87 creatures vanquished.

Notes
Turn   | Place    | Note
--------------------------------------------------------------
     0 | D:1      | Fizybubbleh the Human Enchanter began the quest for the Orb.
     0 | D:1      | Reached XP level 1. HP: 13/13 MP: 3/3
   290 | D:1      | Reached XP level 2. HP: 17/19 MP: 5/5
   459 | D:1      | Learned a level 2 spell: Ensorcelled Hibernation
   724 | D:1      | Reached skill level 4 in Stealth
   867 | D:1      | Reached XP level 3. HP: 21/24 MP: 3/6
  1247 | D:2      | Found a sparkling altar of Nemelex Xobeh.
  1460 | D:2      | Noticed Ijyb
  1466 | D:2      | Killed Ijyb
  1466 | D:2      | Reached skill level 5 in Stealth
  1466 | D:2      | Reached XP level 4. HP: 28/30 MP: 7/7
  1655 | D:2      | Noticed Robin
  1879 | D:2      | Killed Robin
  1879 | D:2      | Reached XP level 5. HP: 32/35 MP: 0/8
  2064 | D:2      | Found a shadowy altar of Dithmenos.
  2082 | D:2      | Became a worshipper of Dithmenos the Shadowed
  2145 | D:2      | Noticed Sigmund
  2152 | D:2      | Killed Sigmund
  2152 | D:2      | Reached skill level 7 in Stealth
  2152 | D:2      | Reached XP level 6. HP: 37/41 MP: 6/9
  3137 | D:3      | Noticed Fizybubbleh's ghost (average HuEn)
  3149 | D:3      | Learned a level 3 spell: Confuse
  3241 | D:3      | Gained mutation: Your spells are a little harder to cast, but a little more powerful. [potion of beneficial mutation]
  3244 | D:3      | Killed Fizybubbleh's ghost
  3244 | D:3      | Reached skill level 8 in Stealth
  3244 | D:3      | Reached XP level 7. HP: 21/46 MP: 0/10
  3465 | D:3      | Learned a level 3 spell: Tukima's Dance
  4122 | D:4      | Slain by a gnoll shaman

Vault maps used:
D:1:      dpeg_arrival_simpleton_c
D:2:      nicolae_dithmenos_shadow_blocks, nemelex_xobeh_ov_fountains_minmay,
          uniq_sigmund, uniq_robin, uniq_iyjb
D:3:      serial_undead, serial_undead_e, serial_undead_b, serial_undead_c,
          serial_undead_e, first_bread, serial_bayou_lagoon_a
D:4:      nicolae_overflow_crystal_walls, minmay_temple_entry_statues_fountains,
          uniq_blork_the_orc

Action                   |  1- 3 |  4- 6 |  7- 9 || total
-------------------------+-------+-------+-------++-------
Melee: Dagger            |    96 |   153 |    66 ||   315
 Cast: Corona            |     6 |     2 |       ||     8
       Ensorcelled Hiber |    13 |    25 |    13 ||    51
       Confuse           |       |     4 |       ||     4
  Use: Scroll            |     1 |     1 |     2 ||     4
       Potion            |       |     2 |       ||     2
 Stab: Sleeping          |    10 |    24 |     8 ||    42
       Confused          |       |     1 |       ||     1
  Eat: Chunk             |     3 |     7 |       ||    10
       Bread ration      |       |       |     1 ||     1
